 Dungeon Crawl Stone Soup version 0.21.1-1-g345015f (webtiles) character file.

25319 Fang the Cleaver (level 13, -1/84 HPs)
             Began as a Gargoyle Berserker on May 21, 2018.
             Was a High Priest of Trog.
             Slain by a cyclops (24 damage)
             ... on level 13 of the Dungeon.
             The game lasted 00:24:37 (12173 turns).

Fang the Cleaver (Gargoyle Berserker)              Turns: 12173, Time: 00:24:38

Health: -1/84      AC: 31    Str: 32    XL:     13   Next: 18%
Magic:  13/13      EV: 14    Int:  6    God:    Trog [*****.]
Gold:   769        SH:  0    Dex: 10    Spells: 12/12 levels left

rFire    + . .     SeeInvis .   I - +6 broad axe of Ilec {freeze, +Inv rF+ Str+5 Int-2}
rCold    . . .     Gourm    .   (no shield)
rNeg     + + .     Faith    .   n - +4 ring mail of the Empire {+Inv Regen+}
rPois    ∞         Spirit   .   t - +2 hat
rElec    +         Reflect  .   h - +2 ratskin cloak {+Rats rPois rN+ Str-1 Int-1 Dex+1}
rCorr    .         Harm     +   x - +2 pair of gloves {Str+3}
MR       .....                  a - +1 pair of boots
Stlth    ++........             m - amulet of harm
HPRegen  0.64/turn              j - +6 ring of slaying
MPRegen  0.13/turn              (no ring)

@: berserk cooldown, slowed, very slow
A: negative energy resistance 1, electricity resistance, unbreathing,
petrification resistance, rot immunity, AC +9
a: Berserk, Trog's Hand, Brothers in Arms, Burn Spellbooks, Renounce Religion,
Evoke Ratskin, Evoke Invisibility


You were on level 13 of the Dungeon.
You worshipped Trog.
Trog was extremely pleased with you.
You were very hungry.

You visited 1 branch of the dungeon, and saw 13 of its levels.

You collected 769 gold pieces.

Inventory:

Hand Weapons
 y - a +4 war axe of venom
 I - the +6 broad axe of Ilec (weapon) {freeze, +Inv rF+ Str+5 Int-2}
   (Trog gifted it to you on level 12 of the Dungeon)

   It has been specially enchanted to freeze those struck by it, causing extra
   injury to most foes and up to half again as much damage against particularly
   susceptible opponents.
   It can also slow down cold-blooded creatures.
   It affects your strength (+5).
   It affects your intelligence (-2).
   It protects you from fire.
   It lets you turn invisible.
Missiles
 e - 6 javelins of returning (quivered)
Armour
 a - a +1 pair of boots (worn)
 h - the +2 ratskin cloak (worn) {+Rats rPois rN+ Str-1 Int-1 Dex+1}
   (You found it on level 11 of the Dungeon)

   It affects your strength (-1).
   It affects your intelligence (-1).
   It affects your dexterity (+1).
   It protects you from poison.
   It protects you from negative energy.
 k - a +1 cloak of magic resistance
 n - the +4 ring mail of the Empire (worn) {+Inv Regen+}
   (You found it on level 7 of the Dungeon)

   It lets you turn invisible.
   It increases your rate of regeneration.
 t - a +2 hat (worn)
 x - a +2 pair of gloves of strength (worn)
Jewellery
 j - a +6 ring of slaying (left hand)
 m - an amulet of harm (around neck)
 p - a +2 amulet of reflection
 B - an uncursed amulet of the gourmand
Wands
 i - a wand of paralysis (17)
 o - a wand of random effects (26)
 q - a wand of acid (15)
 s - a wand of enslavement (18)
 w - a wand of iceblast (7)
Scrolls
 d - 9 scrolls of teleportation
 u - 3 scrolls of remove curse
 C - a scroll of fog
 D - 2 scrolls of magic mapping
 E - 3 scrolls of blinking
Potions
 b - 2 potions of invisibility
 f - 5 potions of lignification
 g - 2 potions of flight
 l - a potion of agility
 r - a potion of mutation
 v - 5 potions of brilliance
 z - a potion of haste
 A - a potion of curing {unknown}
 H - a potion of resistance
Comestibles
 c - 28 rations
 F - 10 chunks of flesh


   Skills:
 + Level 11.0 Fighting
 + Level 14.7 Axes
 + Level 8.1 Armour
 + Level 6.6 Dodging
 + Level 4.2 Stealth
 + Level 0.3 Evocations


You had 12 spell levels left.
You didn't know any spells.

Dungeon Overview and Level Annotations

Branches:
Dungeon (13/15)            Temple (0/1) D:6            Lair (0/6) D:9
    Orc (0/2) D:11
 Vaults: D:13-14

Altars:
Ashenzari
Dithmenos
Elyvilon
Fedhas
Hepliaklqana
Makhleb
Ru
Sif Muna
Trog
Uskayaw
Vehumet
Wu Jian
Xom
Zin
Beogh

Shops:
D:9 ?   D:11 }

Portals:
Trove: D:12 (lose all piety)

Annotations:
D:4 exclusion: statue


Innate Abilities, Weirdness & Mutations

You are resistant to torment.
Your stone body is resilient. (AC +9)
You are immune to poison.
You resist negative energy. (rN+)
You are resistant to electric shocks. (rElec)
You can survive without breathing.
You are immune to petrification.
You are immune to rotting.


Message History

The cyclops shouts!
The cyclops throws a large rock.
The large rock hits you!!
Found an arbalest.
You see here a large rock.
A cyclops is nearby!
The cyclops throws a large rock.
The large rock hits you!!
* * * LOW HITPOINT WARNING * * *
You see here a large rock.
A red film seems to cover your vision as you go berserk!
You feel yourself moving faster!
You feel mighty!
You are feeling very hungry.
You feel a strong urge to attack something.
The cyclops throws a large rock.
The large rock closely misses you.
You feel your anger nearly subside.
You are no longer berserk.
You are exhausted.
You feel yourself slow down.
You slash the cyclops! You freeze the cyclops.
The cyclops is heavily wounded.
The cyclops hits you!!
You die...

#### #.. #.#
#.#########.####
#.....C@..(.(.)#
###########(##.#
########.##.##.
#..............#
#.########.#####
#..## .# #...# #
###.## ##...##


You could see a cyclops.

Vanquished Creatures
  Harold (D:10)
  2 hydras
  5 two-headed ogres
  A shock serpent (D:13)
  A sixfirhy (D:13)
  3 unseen horrors
  2 ugly things (D:12)
  Joseph (D:7)
  4 kobold demonologists (D:12)
  2 komodo dragons
  5 trolls
  2 hornets (D:12)
  9 slime creatures
  4 raiju (D:13)
  3 hippogriffs
  A wyvern (D:10)
  A spriggan (D:8)
  9 yaks
  A hungry ghost (D:10)
  A soldier ant (D:10)
  An acid dragon (D:12)
  4 wargs (D:11)
  4 water moccasins
  2 sky beasts
  2 black bears (D:9)
  4 orc warriors
  A necrophage (D:11)
  2 ogres
  3 phantoms
  3 ice beasts
  8 centaurs
  A crocodile (D:11)
  6 big kobolds
  10 bullfrogs
  A gnoll sergeant (D:11)
  3 scorpions
  A water moccasin skeleton (D:5)
  19 killer bees
  14 wights
  The ghost of Sapher the Grave Robber, a weakling GnNe (D:5)
  3 crimson imps
  2 bullfrog zombies
  4 centaur zombies
  6 hounds
  3 bullfrog skeletons
  Crazy Yiuf (D:2)
  A gnoll shaman (D:9)
  4 orc priests
  3 jellies
  Ijyb (D:5)
  Natasha (D:2)
  3 centaur skeletons
  An iguana (D:10)
  12 orc wizards
  7 worker ants
  A hound skeleton (D:10)
  8 gnolls
  13 adders
  A shadow imp (D:6)
  An ooze (D:1)
  2 adder skeletons (D:4)
  3 worms
  2 dart slugs
  8 leopard geckos
  45 orcs
  7 giant cockroaches
  7 goblins
  17 hobgoblins
  11 jackals
  3 quokkas
  7 bats
  3 frilled lizards
  A jackal skeleton (D:6)
  37 kobolds
  11 rats
388 creatures vanquished.

Vanquished Creatures (others)
  A plant (D:9)
1 creature vanquished.

Grand Total: 389 creatures vanquished

Notes
Turn   | Place    | Note
-------+----------+-------------------------------------------
     0 | D:1      | Fang the Gargoyle Berserker began the quest for the Orb.
     0 | D:1      | Reached XP level 1. HP: 14/14 MP: 1/1
    96 | D:1      | Reached XP level 2. HP: 12/19 MP: 2/2
   181 | D:1      | Reached skill level 3 in Axes
   417 | D:1      | Reached XP level 3. HP: 22/24 MP: 3/3
   580 | D:1      | Reached ** piety under Trog
  1067 | D:2      | Found a white marble altar of Elyvilon.
  1082 | D:2      | Reached XP level 4. HP: 29/29 MP: 4/4
  1110 | D:2      | Found a hide-covered altar of Uskayaw.
  1201 | D:2      | Reached skill level 4 in Axes
  1559 | D:2      | Reached XP level 5. HP: 33/33 MP: 5/5
  1587 | D:2      | Reached *** piety under Trog
  1702 | D:2      | Found a runed door.
  1799 | D:2      | Noticed Natasha
  1810 | D:2      | Killed Natasha
  2104 | D:2      | Noticed Crazy Yiuf
  2109 | D:2      | Killed Crazy Yiuf
  2581 | D:3      | Reached XP level 6. HP: 28/38 MP: 6/6
  3049 | D:3      | Found a burning altar of Makhleb.
  3228 | D:4      | Found a radiant altar of Vehumet.
  3403 | D:4      | Reached skill level 5 in Axes
  3704 | D:4      | Noticed a phantom
  3716 | D:4      | Killed a phantom
  3872 | D:4      | Found a glowing silver altar of Zin.
  3873 | D:4      | Found a shadowy altar of Dithmenos.
  3877 | D:4      | Found a blossoming altar of Fedhas.
  3884 | D:4      | Reached XP level 7. HP: 44/44 MP: 7/7
  4067 | D:5      | Entered Level 5 of the Dungeon
  4210 | D:5      | Found a sacrificial altar of Ru.
  4219 | D:5      | Noticed Sapher's ghost (weakling GnNe)
  4227 | D:5      | Killed Sapher's ghost
  4566 | D:5      | Reached skill level 6 in Axes
  4566 | D:5      | Reached skill level 1 in Stealth
  4629 | D:5      | Reached skill level 5 in Fighting
  4631 | D:5      | Reached **** piety under Trog
  4837 | D:5      | Noticed Ijyb
  4841 | D:5      | Killed Ijyb
  4967 | D:5      | Reached XP level 8. HP: 30/49 MP: 8/8
  5063 | D:5      | Found an ornate altar of the Wu Jian Council.
  5341 | D:5      | Found a shimmering altar of Xom.
  5564 | D:6      | Reached skill level 7 in Axes
  5667 | D:6      | Found a staircase to the Ecumenical Temple.
  6431 | D:7      | Found a deep blue altar of Sif Muna.
  6494 | D:7      | Reached XP level 9. HP: 43/55 MP: 9/9
  6622 | D:7      | Reached skill level 8 in Axes
  6668 | D:7      | Noticed Joseph
  6675 | D:7      | Killed Joseph
  6732 | D:7      | Found a hazy altar of Hepliaklqana.
  6819 | D:7      | Got an ancient ring mail
  6830 | D:7      | Identified the +4 ring mail of the Empire {+Inv Regen+} (You found it on level 7 of the Dungeon)
  6855 | D:7      | Reached ***** piety under Trog
  6989 | D:7      | Reached skill level 9 in Axes
  7260 | D:8      | Noticed a two-headed ogre
  7267 | D:8      | Killed a two-headed ogre
  7267 | D:8      | Reached skill level 5 in Armour
  7267 | D:8      | Reached XP level 10. HP: 61/61 MP: 10/10
  7267 | D:8      | Reached skill level 10 in Axes
  7601 | D:9      | Noticed a two-headed ogre
  7608 | D:9      | Killed a two-headed ogre
  7722 | D:9      | Received a gift from Trog
  7829 | D:9      | Noticed a two-headed ogre
  7834 | D:9      | Killed a two-headed ogre
  7988 | D:9      | Found a bloodstained altar of Trog.
  8025 | D:9      | Noticed a two-headed ogre
  8033 | D:9      | Reached skill level 11 in Axes
  8034 | D:9      | Killed a two-headed ogre
  8036 | D:9      | Reached XP level 11. HP: 68/68 MP: 11/11
  8130 | D:9      | Found Jus Xioj's Magic Scroll Emporium.
  8172 | D:9      | Reached skill level 5 in Dodging
  8367 | D:9      | Found a staircase to the Lair.
  8551 | D:10     | Entered Level 10 of the Dungeon
  8551 | D:10     | Noticed Harold
  8563 | D:10     | Killed Harold
  8563 | D:10     | Reached skill level 12 in Axes
  8746 | D:10     | Noticed a two-headed ogre
  8756 | D:10     | Killed a two-headed ogre
  8846 | D:10     | Killed an unseen horror
  9013 | D:10     | Reached skill level 13 in Axes
  9343 | D:10     | Found a roughly hewn altar of Beogh.
  9512 | D:11     | Killed an unseen horror
  9512 | D:11     | Reached XP level 12. HP: 72/76 MP: 12/12
  9615 | D:11     | Found the +2 ratskin cloak {+Rats rPois rN+ Str-1 Int-1 Dex+1}
  9687 | D:11     | Received a gift from Trog
  9787 | D:11     | Found Ilekk's Gadget Shoppe.
  9851 | D:11     | Found a shattered altar of Ashenzari.
  9915 | D:11     | Noticed a five-headed hydra
  9923 | D:11     | Killed a nine-headed hydra
  9925 | D:11     | Found a staircase to the Orcish Mines.
 10376 | D:11     | Reached skill level 10 in Fighting
 11130 | D:12     | Noticed a sun demon
 11157 | D:12     | Reached skill level 14 in Axes
 11205 | D:12     | Found a portal to a secret trove of treasure.
 11578 | D:12     | Received a gift from Trog
 11583 | D:12     | Got a faintly glowing broad axe {god gift}
 11584 | D:12     | Identified the +6 broad axe of Ilec {freeze, +Inv rF+ Str+5 Int-2} (Trog gifted it to you on level 12 of the Dungeon)
 11590 | D:12     | Noticed a seven-headed hydra
 11598 | D:12     | Killed an 11-headed hydra
 11598 | D:12     | Reached XP level 13. HP: 84/84 MP: 13/13
 12041 | D:13     | Found the +4 arc blade {discharge, rElec}
 12173 | D:13     | Slain by a cyclops

Skill      XL: |  1  2  3  4  5  6  7  8  9 10 11 12 13 |
---------------+----------------------------------------+-----
Axes           | 3 4 5 6 7 9 11 13 14 | 14.7
Dodging        | 2 3 4 5 6 |  6.6
Fighting       | 4 5 6 7 9 10 11 | 11.0
Armour         | 3 4 5 6 7 8 |  8.1
Stealth        | 1 2 3 4 |  4.2
Evocations     | |  0.3

Action                   |  1- 3 |  4- 6 |  7- 9 | 10-12 | 13-15 || total
-------------------------+-------+-------+-------+-------+-------++-------
Melee: Hand axe          |   127 |   242 |   114 |       |       ||   483
       War axe           |       |       |    85 |   415 |       ||   500
       Broad axe         |       |       |       |     6 |    19 ||    25
Invok: Berserk           |     1 |     3 |     5 |    10 |     2 ||    21
       Burn Spellbooks   |       |       |       |       |     1 ||     1
 Abil: Evoke Ratskin     |       |       |       |     1 |       ||     1
  Use: Scroll            |       |       |    13 |     8 |     1 ||    22
 Stab: Sleeping          |       |       |     2 |       |       ||     2
  Eat: Chunk             |     2 |     6 |    13 |    22 |     3 ||    46
       Ration            |       |     2 |       |     1 |       ||     3
Armor: Animal skin       |    25 |       |       |       |       ||    25
       Leather armour    |    19 |    85 |    66 |       |       ||   170
       Ring mail         |       |       |    12 |   290 |     9 ||   311
Dodge: Dodged            |    92 |   164 |   108 |   252 |    14 ||   630
